 Dungeon Crawl Stone Soup version 0.25.1-2-g60ff931df9 (webtiles) character file.

Game seed: 6562770768874196370

251 hawla the Conjurer (level 5, -1/38 HPs)
             Began as a Draconian Conjurer on Nov 17, 2020.
             Slain by a worker ant (7 damage)
             ... on level 4 of the Dungeon.
             The game lasted 00:17:37 (4783 turns).

hawla the Conjurer (Draconian Conjurer)             Turns: 4783, Time: 00:17:37

Health: -1/38      AC:  5    Str: 10    XL:     5   Next: 88%
Magic:  0/10       EV: 12    Int: 17    God:
Gold:   103        SH:  0    Dex: 11    Spells: 4/11 levels left

rFire    . . .     SeeInvis .   (no weapon)
rCold    . . .     Gourm    .   (no shield)
rNeg     . . .     Faith    .   (armour unavailable)
rPois    .         Spirit   .   (helmet restricted)
rElec    .         Reflect  .   (no cloak)
rCorr    .         Harm     .   (no gloves)
MR       .....                  (no boots)
Stlth    +++.......             (no amulet)
HPRegen  0.12/turn              d - ring of stealth
MPRegen  0.12/turn              (no ring)

@: mighty
A: unfitting armour, cold-blooded, AC +5
a: no special abilities


You were on level 4 of the Dungeon.
You were hungry.

You visited 1 branch of the dungeon, and saw 4 of its levels.

You collected 103 gold pieces.

Inventory:

Missiles
 i - 19 poisoned darts (quivered)
Jewellery
 d - a ring of stealth (left hand)
 k - a cursed ring of attention {unknown}
Scrolls
 g - a scroll of identify
 l - a scroll of remove curse
Potions
 e - a potion of flight
 f - a potion of might
 j - a potion of cancellation
Comestibles
 b - 6 rations


   Skills:
 - Level 1.7 Dodging
 - Level 1.7 Stealth
 - Level 3.6 Spellcasting
 - Level 5.3 Conjurations
 + Level 3.0 Translocations


You had 4 spell levels left.
You knew the following spells:

 Your Spells              Type           Power        Failure   Level  Hunger
a - Magic Dart            Conj           ###.         1%          1    None
b - Searing Ray           Conj           ###...       2%          2    ##.....
c - Iskenderun's Mystic   Conj/Tloc      ###.....     28%         4    ####...

Your spell library contained the following spells:

 Spells                   Type           Power        Failure   Level  Hunger
 Dazzling Flash           Conj/Hex       ##....       16%         3    ###....
 Fulminant Prism          Conj/Hex       ##........   47%         4    ####...


Dungeon Overview and Level Annotations

Branches:
Dungeon (4/15)
 Temple: D:4-7

Altars:
Hepliaklqana
Xom


Innate Abilities, Weirdness & Mutations

Your plain brown scales are hard. (AC +5)
You cannot fit into any form of body armour.
You are cold-blooded and may be slowed by cold attacks.


Message History

The searing ray hits the worker ant!
You kill the worker ant!
Your Translocations skill increases to level 3!
The searing ray hits the worker ant.
The worker ant is heavily wounded.
You finish channeling your searing ray.
Casting: Searing Ray (safe; 2% risk of failure)
Confirm with . or Enter, or press ? or * to list all spells.
Aiming: Searing Ray (safe; 2% risk of failure)
Press: ? - help, Shift-Dir - straight line, f - worker ant
Aim: a worker ant (heavily wounded)
The searing ray hits the worker ant.
The worker ant is almost dead. (Press . to maintain the ray.)
You feel yourself slow down. The worker ant misses you.
You closely miss the worker ant.
Your tail-slap misses the worker ant.
The worker ant is almost dead.
The worker ant bites you!
You die...

..#####.#####.##.##
......$..# #a[..#
####.###a# ####.#
#.# #.# #... #.#
#.# ###. #.# #.#
#### #.# #.# ###
#...###.###.##...(.
#..@a........#
+.#########..# ##
..# .# .# #


You could see a worker ant.

Vanquished Creatures
  Jessica (D:2)
  Terence (D:1)
  A worker ant (D:4)
  4 gnolls (D:2)
  3 adders (D:2)
  2 worms
  A dart slug (D:1)
  4 leopard geckos
  6 orcs
  14 bats
  5 giant cockroaches
  9 goblins
  11 hobgoblins
  3 jackals (D:3)
  12 kobolds
  6 frilled lizards
  5 rats
88 creatures vanquished.

Notes
Turn   | Place    | Note
-------+----------+-------------------------------------------
     0 | D:1      | hawla the Draconian Conjurer began the quest for the Orb.
     0 | D:1      | Reached XP level 1. HP: 14/14 MP: 3/3
   359 | D:1      | Reached XP level 2. HP: 20/20 MP: 0/5
  1135 | D:1      | Reached XP level 3. HP: 26/26 MP: 0/7
  1695 | D:2      | Learned a level 2 spell: Searing Ray
  1819 | D:2      | Noticed Jessica
  2076 | D:2      | Noticed Terence
  2250 | D:1      | Killed Terence
  2250 | D:1      | Reached XP level 4. HP: 24/33 MP: 1/9
  2601 | D:2      | Killed Jessica
  2601 | D:2      | Reached skill level 5 in Conjurations
  2866 | D:2      | Reached XP level 5. HP: 38/38 MP: 2/10
  2872 | D:2      | Learned a level 4 spell: Iskenderun's Mystic Blast
  3085 | D:2      | Found a hazy altar of Hepliaklqana.
  3086 | D:2      | Found a shimmering altar of Xom.
  3087 | D:2      | Noticed a spectral ugly thing
  3461 | D:2      | Reached skill level 1 in Translocations
  4783 | D:4      | Slain by a worker ant

Illustrated notes

Levels and vault maps discovered:
D:1:      sevenhm_arrival_forest_fort_small_6, layout_basic, corner_web_ring
D:2:      layout_basic, regret_index_temple_of_mockery, minmay_crystal_water,
          uniq_jessica, uniq_terence
D:3:      layout_loops_ring, first_ration, bh_walls_and_bars
D:4:      layout_loops_ring, kennysheep_mini

Skill      XL: |  1  2  3  4  5 |
---------------+----------------+-----
Spellcasting   | 3 |  3.6
Conjurations   | 5 |  5.3
Translocations | 3 |  3.0
Dodging        | |  1.7
Stealth        | |  1.7

Action                   |  1- 3 |  4- 6 || total
-------------------------+-------+-------++-------
Melee: Unarmed           |    23 |    33 ||    56
       Tailslap          |     1 |     4 ||     5
Throw: Dart              |     5 |       ||     5
 Cast: Magic Dart        |    85 |    49 ||   134
       Searing Ray       |    10 |    16 ||    26
       Iskenderun's Myst |       |     4 ||     4
  Use: Scroll            |     4 |     1 ||     5
       Potion            |       |     7 ||     7
  Eat: Chunk             |     4 |     9 ||    13
Armor: Skin              |    16 |    14 ||    30
Dodge: Dodged            |    44 |    40 ||    84
